 Dungeon Sprint DCSS version 0.23.2-30-g0e89c35 (webtiles) character file.

Game seed: 7332003256361471801

7463 Fang the Fighter (level 11, -25/120 HPs)
             Began as a Gargoyle Berserker on June 10, 2019.
             Was the Champion of Trog.
             Annihilated by Inyadac the pandemonium lord (48 damage)
             ... in the Dungeon (Sprint V: "Ziggurat Sprint").
             The game lasted 00:03:21 (1365 turns).

Fang the Fighter (Gargoyle Berserker)               Turns: 1365, Time: 00:03:21

Health: -25/120    AC: 23    Str: 23    XL:     11   Next: 15%
Magic:  2/2        EV: 17    Int: 13    God:    Trog [******]
Gold:   0          SH:  0    Dex: 14    Spells: 10/10 levels left

rFire    + + +     SeeInvis .   E - +5 battleaxe (holy)
rCold    + + .     Gourm    .   (shield currently unavailable)
rNeg     + + .     Faith    .   q - +1 fire dragon scales of Kikubaaqudgha's Whim {rF++ rC- Slay+3}
rPois    ∞         Spirit   .   (no helmet)
rElec    +         Reflect  .   (no cloak)
rCorr    +         Harm     .   (no gloves)
MR       .....     NoTele   +   v - +0 pair of boots of Patterns {Slay+2}
Stlth    ..........             (no amulet)
HPRegen  0.30/turn              g - ring "Ciugasok" {rF+ rC+++ rN+ MP-9 Str-4}
MPRegen  0.08/turn              b - ring "Igilled" {rCorr rElec Int+5 Dex+5}

@: berserking, very quick
A: negative energy resistance 1, electricity resistance, weak 1, unbreathing,
petrification resistance, rot immunity, AC +8
a: Berserk, Trog's Hand, Brothers in Arms, Renounce Religion


You were in the Dungeon.
You worshipped Trog.
Trog was exalted by your worship.
You were very hungry.

You visited 1 branch

Inventory:

Hand Weapons
 a - a +3 antimagic executioner's axe
 k - a +5 executioner's axe
 E - a +5 battleaxe of holy wrath (weapon)
Armour
 j - the +15 Maxwell's patent armour {-Cast -Tele rElec MR+ rCorr}
   (You found it in the Dungeon)

   It insulates you from electricity.
   It affects your resistance to hostile enchantments.
   It prevents spellcasting.
   It prevents most forms of teleportation.
   It provides partial protection from all sources of acid and corrosion.
 q - the +1 fire dragon scales of Kikubaaqudgha's Whim (worn) {rF++ rC- Slay+3}
   (You found it in the Dungeon)

   It affects your accuracy and damage with ranged weapons and melee attacks
   (+3).
   It greatly protects you from fire.
   It makes you vulnerable to cold.
 v - the +0 pair of boots of Patterns (worn) {Slay+2}
   (You found it in the Dungeon)

   It affects your accuracy and damage with ranged weapons and melee attacks
   (+2).
 z - the +10 plate armour "Qiucefue" {rC- rN++}
   (You found it in the Dungeon)

   It makes you vulnerable to cold.
   It greatly protects you from negative energy.
Jewellery
 b - the ring "Igilled" (right hand) {rCorr rElec Int+5 Dex+5}
   (You found it in the Dungeon)

   [ring of resist corrosion]

   It affects your intelligence (+5).
   It affects your dexterity (+5).
   It insulates you from electricity.
 g - the ring "Ciugasok" (left hand) {rF+ rC+++ rN+ MP-9 Str-4}
   (You found it in the Dungeon)

   [ring of protection from fire]

   It affects your strength (-4).
   It protects you from fire.
   It renders you almost immune to cold.
   It protects you from negative energy.
   It affects your magic capacity (-9).
 u - the ring of Heenoasch {rCorr *Drain Dex+5}
   (You found it in the Dungeon)

   [ring of resist corrosion]

   It affects your dexterity (+5).
   It causes draining when unequipped.
 B - an uncursed ring of protection from fire
 C - a +3 ring of protection
Wands
 w - a wand of disintegration (7)
 x - a wand of iceblast (7)
 y - a wand of acid (7)
Scrolls
 i - 4 scrolls of blinking
 l - 7 scrolls of fog
 m - a scroll of holy word
 n - 5 scrolls of identify
 o - 4 scrolls of remove curse
 p - 2 scrolls of fear
 A - 4 scrolls of enchant weapon
Potions
 d - 10 potions of curing
 e - 10 potions of heal wounds
 f - 6 potions of haste
 h - 3 potions of berserk rage
 r - 2 potions of invisibility
 s - 4 potions of resistance
 t - a potion of experience
Comestibles
 c - 6 rations


   Skills:
 + Level 14.4 Fighting
 + Level 12.4 Axes
 + Level 14.3 Armour
 + Level 11.4 Dodging


You had 10 spell levels left.
You didn't know any spells.
Your spell library was empty.

Dungeon Overview and Level Annotations

Branches:
Dungeon (1/1)

Altars:
Ashenzari
Cheibriados
Dithmenos
Elyvilon
Fedhas
Gozag
Hepliaklqana
Kikubaaqudgha
Makhleb
Nemelex Xobeh
Okawaru
Qazlal
Ru
Sif Muna
Trog
Uskayaw
Vehumet
Wu Jian
Xom
Yredelemnul
Zin
The Shining One
Beogh
Jiyva
Lugonu

Annotations:
D 1 transporter


Innate Abilities, Weirdness & Mutations

You are resistant to torment.
Your stone body is resilient. (AC +8)
You are immune to poison.
You resist negative energy. (rN+)
You are resistant to electric shocks. (rElec)
You can survive without breathing.
You are immune to petrification.
You are immune to rotting.
You are weak. (Str -2)


Message History

The Executioner convulses.
The Executioner hits you!
The Executioner hits you but does no damage. x2
Weagg gestures.
Inyadac hits you!!!
You writhe in agony.
The Executioner hits you!!
* * * LOW HITPOINT WARNING * * *
The Executioner hits you but does no damage.
The Executioner misses you.
Iluuti blinks!
Unknown command.
Unknown command.
You are too injured to fight recklessly!
Unknown command.
You are too injured to fight recklessly!
Unknown command.
You are too injured to fight recklessly!
You barely miss Inyadac. You hit the Executioner.
The Executioner convulses.
You slash the sixfirhy!
The sixfirhy convulses.
The Executioner hits you.
* * * LOW HITPOINT WARNING * * *
The Executioner closely misses you. The Executioner misses you.
Inyadac hits you!!!
You die...

▓▓▓▓▓▓▓▓▓▓▓▓▓▓▓▓▓▓▓
▓...818...▓...8©8...▓
▓..}|}[}..▓..[.:....▓
▓..||&}|&.▓....[}...▓
▓...44.&..▓...).....▓
▓..2.&....▓....)))..▓
▓..243§4..▓....(()..▓
▓...3&1...▓....)(...▓
▓....@....▓.▓...(.▓.▓
▓.........▓....©(...▓
▓....©....▓▓▓▓▓▓▓▓▓▓▓
▓▓▓▓▓▓▓▓▓▓▓


You could see Iluuti, Inyadac, Muhigog, Mylor, Weagg, a Hell Sentinel, an
Executioner, a blizzard demon, a shadow demon, an orange demon, a hellwing, an
ice devil, a sixfirhy, a smoke demon and a red devil.

Vanquished Creatures
  2 centaur warriors (D)
  A thrashing horror (D)
  2 cyclopes (D)
  A spiny frog (D)
  3 rime drakes (D)
  An efreet (D)
  2 yaktaurs (D)
  2 guardian mummies (D)
  3 yaks (D)
  2 flying skulls (D)
  A neqoxec (D)
  A small abomination (D)
  A porcupine (D)
  A swamp drake (D)
  2 phantoms (D)
  3 necrophages (D)
  2 black bears (D)
  2 wolves (D)
  3 centaurs (D)
  2 bullfrogs (D)
  A crimson imp (D)
  3 quasits (D)
  2 iguanas (D)
  2 iron imps (D)
  A river rat (D)
  2 shadow imps (D)
  A white imp (D)
  An ufetubus (D)
  2 bat skeletons (D)
  A jackal (D)
  A ball python skeleton (D)
54 creatures vanquished.

Vanquished Creatures (others)
  A spatial maelstrom (D)
1 creature vanquished.

Grand Total: 55 creatures vanquished

Notes
Turn   | Place    | Note
-------+----------+-------------------------------------------
     0 | D        | Found the +6 Majin-Bo {vamp, Archmagi MP+6 Int+6}
     0 | D        | Found the +7 great mace "Firestarter" {inner flame, rF++}
     0 | D        | Fang the Gargoyle Berserker began the quest for the Orb.
     0 | D        | Reached XP level 1. HP: 14/14 MP: 1/1
     0 | D        | Found a blossoming altar of Fedhas.
     1 | D        | Found a transporter.
     1 | D        | Found a viscous altar of Jiyva.
     1 | D        | Found an ancient bone altar of Kikubaaqudgha.
     1 | D        | Found a hazy altar of Hepliaklqana.
     1 | D        | Found a corrupted altar of Lugonu.
     1 | D        | Found an opulent altar of Gozag.
     1 | D        | Found a burning altar of Makhleb.
     4 | D        | Found a stormy altar of Qazlal.
     4 | D        | Found a sacrificial altar of Ru.
     4 | D        | Found an iron altar of Okawaru.
     4 | D        | Found a deep blue altar of Sif Muna.
     4 | D        | Found a sparkling altar of Nemelex Xobeh.
     4 | D        | Found a bloodstained altar of Trog.
     5 | D        | Banished a spatial maelstrom
    11 | D        | Found the +9 heavy crossbow "Sniper" {velocity, Acc+∞ SInv}
    11 | D        | Found the +10 dark maul {crush}
    11 | D        | Found the +15 Maxwell's patent armour {-Cast -Tele rElec
                  | MR+ rCorr}
    11 | D        | Found the +18 shield of the Gong {rElec rN+ MR+ EV-5}
    11 | D        | Found the cursed +14 obsidian axe {chop, +Fly SInv *Curse}
    69 | D        | Entered arena 2.
    69 | D        | Noticed an iron imp
    69 | D        | Noticed a quasit
    69 | D        | Found a transporter.
    72 | D        | Killed a quasit
    72 | D        | Reached XP level 2. HP: 20/20 MP: 2/2
    72 | D        | Reached XP level 3. HP: 24/24 MP: 3/3
    73 | D        | Reached skill level 5 in Fighting
    73 | D        | Reached XP level 4. HP: 31/31 MP: 4/4
   125 | D        | Entered arena 3.
   125 | D        | Noticed a bullfrog
   125 | D        | Noticed a yak
   125 | D        | Found a transporter.
   128 | D        | Reached ** piety under Trog
   128 | D        | Reached skill level 5 in Armour
   131 | D        | Killed a bullfrog
   131 | D        | Reached skill level 5 in Axes
   131 | D        | Reached XP level 5. HP: 37/37 MP: 5/5
   133 | D        | Killed a yak
   133 | D        | Reached skill level 5 in Dodging
   133 | D        | Reached XP level 6. HP: 44/44 MP: 6/6
   174 | D        | Entered arena 4.
   174 | D        | Noticed a black bear
   174 | D        | Noticed a black bear
   174 | D        | Found a transporter.
   178 | D        | Killed a black bear
   181 | D        | Killed a black bear
   181 | D        | Reached *** piety under Trog
   181 | D        | Reached XP level 7. HP: 38/50 MP: 7/7
   248 | D        | Entered arena 5.
   248 | D        | Noticed a rime drake
   248 | D        | Noticed a rime drake
   248 | D        | Noticed a rime drake
   248 | D        | Found a transporter.
   249 | D        | Found the +7 great mace "Undeadhunter" {disrupt, rN+}
   254 | D        | Killed a rime drake
   254 | D        | Reached skill level 10 in Fighting
   254 | D        | Reached XP level 8. HP: 49/57 MP: 8/8
   256 | D        | Reached **** piety under Trog
   257 | D        | Killed a rime drake
   257 | D        | Reached skill level 10 in Armour
   260 | D        | Killed a rime drake
   266 | D        | Got the ring "Igilled" {rCorr rElec Int+5 Dex+5}
   269 | D        | Got the ring "Ciugasok" {rF+ rC+++ rN+ MP-9 Str-4}
   396 | D        | Entered arena 6.
   396 | D        | Found a transporter.
   402 | D        | Reached ***** piety under Trog
   402 | D        | Reached XP level 9. HP: 60/64 MP: 0/9
   418 | D        | Entered arena 7.
   418 | D        | Noticed an efreet
   418 | D        | Noticed a thrashing horror
   419 | D        | Found a transporter.
   424 | D        | Killed an efreet
   424 | D        | Received a gift from Trog
   424 | D        | Reached skill level 10 in Axes
   429 | D        | Killed a thrashing horror
   484 | D        | Entered arena 8.
   484 | D        | Noticed a guardian mummy
   484 | D        | Noticed a guardian mummy
   485 | D        | Found a transporter.
   486 | D        | Received a gift from Trog
   493 | D        | Killed a guardian mummy
   493 | D        | Reached XP level 10. HP: 57/72 MP: 1/10
   503 | D        | Reached skill level 10 in Dodging
   779 | D        | Got the cursed +1 fire dragon scales of Kikubaaqudgha's
                  | Whim {rF++ rC- Slay+3}
   783 | D        | Entered arena 9.
   784 | D        | Found a transporter.
   787 | D        | Gained mutation: You are weak. (Str -2) [a neqoxec]
   789 | D        | Received a gift from Trog
   794 | D        | Reached ****** piety under Trog
   807 | D        | Got the ring of Heenoasch {rCorr *Drain Dex+5}
   810 | D        | Got the +0 pair of boots of Patterns {Slay+2}
   848 | D        | Entered arena 10.
   848 | D        | Noticed a spiny frog
   849 | D        | Found a transporter.
   851 | D        | Received a gift from Trog
   857 | D        | Killed a spiny frog
   863 | D        | Received a gift from Trog
  1053 | D        | Entered arena 11.
  1053 | D        | Noticed a centaur warrior
  1053 | D        | Noticed a cyclops
  1053 | D        | Noticed a cyclops
  1053 | D        | Noticed a centaur warrior
  1054 | D        | Found a transporter.
  1061 | D        | Killed a cyclops
  1061 | D        | Killed a centaur warrior
  1063 | D        | Killed a cyclops
  1063 | D        | Received a gift from Trog
  1063 | D        | Reached XP level 11. HP: 19/80 MP: 0/11
  1065 | D        | Killed a centaur warrior
  1091 | D        | Got the +10 plate armour "Qiucefue" {rC- rN++}
  1360 | D        | Entered arena 12.
  1360 | D        | Noticed an Executioner
  1360 | D        | Noticed Muhigog the pandemonium lord
  1360 | D        | Noticed Inyadac the pandemonium lord
  1360 | D        | Noticed a sixfirhy
  1360 | D        | Noticed Iluuti the pandemonium lord
  1360 | D        | Noticed a blizzard demon
  1361 | D        | Noticed Weagg the pandemonium lord
  1361 | D        | Noticed Mylor the pandemonium lord
  1362 | D        | Found a transporter.
  1364 | D        | Noticed a Hell Sentinel
  1365 | D        | Noticed a shadow demon
  1365 | D        | Annihilated by Inyadac the pandemonium lord

Skill      XL: |  1  2  3  4  5  6  7  8  9 10 |
---------------+-------------------------------+-----
Fighting       | 4 5 6 7 8 10 11 12 14 | 14.4
Axes           | 3 4 5 6 7 8 9 10 12 | 12.4
Armour         | 3 4 5 7 8 9 10 12 14 | 14.3
Dodging        | 2 3 4 5 6 7 8 9 11 | 11.4

Action                   |  1- 3 |  4- 6 |  7- 9 | 10-12 || total
-------------------------+-------+-------+-------+-------++-------
Melee: Executioner's axe |     2 |    12 |    39 |    46 ||    99
       Battleaxe         |       |       |       |     2 ||     2
Invok: Berserk           |     1 |     1 |     2 |     3 ||     7
  Use: Scroll            |       |       |       |     1 ||     1
  Eat: Chunk             |       |       |     2 |     1 ||     3
       Ration            |       |       |       |     1 ||     1
Armor: Plate armour      |     7 |    35 |    64 |    78 ||   184
       Fire dragon scale |       |       |       |    32 ||    32
Dodge: Dodged            |     4 |    19 |    56 |    98 ||   177
